 Dungeon Crawl Stone Soup version 0.30-a0-743-gbfdf073431 (webtiles) character file.

Game seed: 10671978494992729159

35 Nestorn the Shooter (level 3, -25/33 HPs)
             Began as a Gargoyle Hunter on Feb 8, 2023.
             Was an Initiate of Dithmenos.
             Killed by an exploding goblin (28 damage)
             ... ignited by their inner flame
             ... on level 3 of the Dungeon.
             The game lasted 00:14:47 (1567 turns).

Nestorn the Shooter (Gargoyle Hunter)               Turns: 1567, Time: 00:14:47

Health: -25/33     AC: 21    Str: 20    XL:     3   Next: 33%
Magic:  3/3        EV:  2    Int:  9    God:    Dithmenos [......]
Gold:   141        SH:  0    Dex: 15    Spells: 2/2 levels left

rFire   . . .      SeeInvis +    a - +1 shortbow
rCold   . . .      Faith    +    (shield currently unavailable)
rNeg    + . .      Spirit   .    (body armour currently unavailable)
rPois   ∞          Reflect  .    (helmet currently unavailable)
rElec   .          Harm     .    (cloak currently unavailable)
rCorr   .          Rampage  .    (gloves currently unavailable)
Will    .....      NoTele   +    (boots currently unavailable)
Stlth   ++                       v - amulet of faith
HPRegen 0.25/turn                i - +6 ring of strength
MPRegen 0.08/turn                k - ring of see invisible

@: tree-form
A: stationary, stasis, torment immunity, boosted hp, sickness immunity, AC +3,
negative energy resistance 1, (electricity resistance), torment resistance 1,
petrification resistance
a: Renounce Religion


You were on level 3 of the Dungeon.
You worshipped Dithmenos.
Dithmenos was noncommittal.
You were a tree.
You visited 1 branch of the dungeon, and saw 3 of its levels.

You collected 141 gold pieces.

Inventory:

Hand Weapons
 a - a +1 shortbow (weapon)
 n - a +0 long sword
 w - a +0 demon blade
Missiles
 j - 6 stones
 s - 2 throwing nets
Armour
 c - a +0 leather armour (melded)
 g - an orb of light
 h - a +0 robe
 p - a +0 ring mail
 r - a +0 robe
Jewellery
 i - a +6 ring of strength (left branch)
 k - a ring of see invisible (right branch)
 v - an amulet of faith (around neck)
Scrolls
 e - a scroll of enchant weapon
Potions
 m - 2 potions of might


   Skills:
 + Level 2.4 Fighting
 + Level 4.9 Ranged Weapons
 + Level 1.6 Dodging
 + Level 1.1 Stealth


You had 2 spell levels left.
You didn't know any spells.
Your spell library was empty.

Dungeon Overview and Level Annotations

Branches:
Dungeon (3/15)

Altars:
Dithmenos

Annotations:
D:3 Robin


Innate Abilities, Weirdness & Mutations

You are a tree.
Your roots penetrate the ground, keeping you stationary.
You cannot be teleported.
You are immune to unholy pain and torment.
Your maximum health is greatly increased.
Your equipment is partially melded.
You are immune to sickness and miasma.
((Your stone body is resilient. (AC +3)))
You are immune to poison.
You resist negative energy. (rN+)
((You are resistant to electric shocks. (rElec)))
You are resistant to unholy torment.
You are immune to petrification.


Message History

The goblin hits you but does no damage. The goblin hits you with a +0 dagger.
The goblin hits you with a +0 club.
* * * LOW HITPOINT WARNING * * *
The goblin hits you with a +0 dagger.
* * * LOW HITPOINT WARNING * * *
Blink to where?
Press: ? - help, Dir - move target, p - goblin
As you read the scroll labelled IROSOR RAORPHU, it crumbles to dust.
It was a scroll of blinking.
You are too injured to fight recklessly!
The goblin no longer looks unusually strong.
As you read the scroll labelled YNYNUOSHINGO, it crumbles to dust.
It is a scroll of identify.
m - 2 potions of might It was a potion of cancellation.
Your magical effects are unravelling.
You feel magically purged.
You feel your willpower return.
It was a potion of lignification.
You turn into a tree.
Your +0 leather armour melds into your body.
Your roots penetrate the ground.
You cannot move.
You are too injured to fight recklessly!
You are too injured to fight recklessly!
The goblin hits you but does no damage. The goblin barely misses you.
Robin roars a battlecry!
The goblins go into a battle-frenzy!
The goblin hits you with a +0 dagger.
* * * LOW HITPOINT WARNING * * *
You shoot an arrow. The arrow hits the goblin!
Dithmenos accepts your kill.
The goblin explodes!
The fiery explosion engulfs the goblin!!
Dithmenos accepts your kill.
The fiery explosion engulfs the goblin!!
Dithmenos accepts your kill. The fiery explosion engulfs you!!
Ouch! That really hurt!
You die... g

####......###.....# g
#..##..###..# .### g
#..###..#..###.... g
##...##..†..##....# .
###....§.§..........# .
#....##§§§..†...##..#
.##.#.####§.._.§§##
)<)...§##§.§..g§§§##..#
.####.Jg§J§g.J.)♣§....#
. ##§§g##§....##..### .
#§§###..#..# #.# .
#..##..###..# .# .
#......# #.... # .
..####.. ..... # ####
..#. #####


You could see Robin (inner flame, weak-willed), an endoplasm (inner flame,
weak-willed) and a goblin (inner flame, strong, weak-willed).

Vanquished Creatures
  5 ball pythons
  4 bats (D:1)
  5 endoplasms
  8 goblins
  2 hobgoblins
  2 jackals (D:3)
  2 kobolds
  4 rats
32 creatures vanquished.

Notes
Turn   | Place    | Note
-------+----------+-------------------------------------------
     0 | D:1      | Nestorn the Gargoyle Hunter began the quest for the Orb.
     0 | D:1      | Reached XP level 1. HP: 12/12 MP: 1/1
   106 | D:1      | Reached XP level 2. HP: 17/18 MP: 2/2
  1167 | D:2      | Reached XP level 3. HP: 20/22 MP: 3/3
  1480 | D:3      | Found a shadowy altar of Dithmenos.
  1516 | D:3      | Became a worshipper of Dithmenos the Shadowed
  1534 | D:3      | Identified the +3 helmet "Faekeaza" {Int+5 Dex+2}
  1534 | D:3      | Noticed Robin
  1558 | D:3      | HP: 1/22 [goblin/+0 dagger[Robin] (5)]
  1567 | D:3      | Killed by an exploding goblin... ignited by their inner
                  | flame

Illustrated notes

Levels and vault maps discovered:
D:1:      lemuel_arrival_room, layout_loops_ring, grunt_decor_fettered
D:2:      layout_basic
D:3:      layout_loops_ring, mainiacjoe_overflow_24_doors,
          nicolae_dithmenos_shadow_blocks, uniq_robin

Action                     || total
---------------------------++-------
   Fire: Shortbow          ||    61
    Use: Scroll            ||     8
         Potion            ||     2
 Armour: Leather armour    ||    29
         Skin              ||     1
  Dodge: Dodged            ||    58

Table legend: (Time is in decaauts)
 A = Elapsed time spent in this place.
 B = Non-inter-level travel time spent in this place.
 C = Inter-level travel time spent in this place.
 D = Time resting spent in this place.
 E = Time spent auto-exploring this place.
 F = Levels seen in this place.
 G = Mean time per level.
                   A        B        C        D        E       F      G
               +--------+--------+--------+--------+--------+-----+--------+
         Total |   1582 |   1509 |     73 |      0 |   1119 |   3 |  527.3 |
       Dungeon |   1582 |   1509 |     73 |      0 |   1119 |   3 |  527.3 |
               +--------+--------+--------+--------+--------+-----+--------+

Top non-repeatable levels by time:
     D:2: 735 daAuts
     D:1: 727 daAuts
     D:3: 120 daAuts
